 Dungeon Crawl Stone Soup version 0.13.1-17-g0f9d4ff (webtiles) character file.

235 Kae the Chiller (level 4, -13/33 HPs)
             Began as a Draconian Ice Elementalist on Dec 17, 2013.
             Mangled by an ogre
             ... wielding a +0,+0 giant club
              (24 damage)
             ... on Level 3 of the Dungeon on Dec 18, 2013.
             The game lasted 00:08:12 (2389 turns).

Kae the Chiller (Draconian Ice Elementalist)        Turns: 2389, Time: 00:08:14

HP -13/33        AC  5     Str 10      XL: 4   Next: 53%
MP   8/8         EV 12     Int 17      God:
Gold 130         SH  0     Dex 11      Spells:  2 memorised,  4 levels left

Res.Fire  : . . .   See Invis. : .   m - staff of summoning
Res.Cold  : . . .   Warding    : +   (armour unavailable)
Life Prot.: . . .   Conserve   : +   (no shield)
Res.Poison: .       Res.Corr.  : .   (helmet restricted)
Res.Elec. : .       Clarity    : .   (no cloak)
Sust.Abil.: . .     Spirit.Shd : .   (no gloves)
Res.Mut.  : .       Stasis     : .   (no boots)
Res.Rott. : .       Flight     : .   h - amulet of conservation {unknown}
Saprovore : . . .                    (no ring)
                                     (no ring)

@: slightly resistant to hostile enchantments, unstealthy
A: unfitting armour, AC +5
a: no special abilities


You were on level 3 of the Dungeon.
You were very hungry.

You visited 1 branch of the dungeon, and saw 3 of its levels.

You collected 110 gold pieces.

Inventory:

Hand weapons
 k - a +0,+0 dagger (quivered)
Comestibles
 c - 6 bread rations
 f - an apple
 r - 4 meat rations
Scrolls
 a - a scroll of fog {unknown}
 d - 4 scrolls of teleportation {unknown}
 i - a scroll of identify {unknown}
 j - 2 scrolls of enchant weapon I {unknown}
 l - 2 scrolls of enchant armour {unknown}
 o - a scroll of blinking {unknown}
 u - a scroll of curse weapon {unknown}
 v - a scroll of remove curse {unknown}
 y - a scroll of enchant weapon II {unknown}
Jewellery
 h - an amulet of conservation (around neck) {unknown}
 t - an uncursed ring of sustain abilities {unknown}
Potions
 e - a potion of invisibility {unknown}
 g - 2 potions of speed {unknown}
 n - 2 potions of magic {unknown}
 p - a potion of curing {unknown}
 s - 2 potions of brilliance {unknown}
 w - a potion of paralysis {unknown}
 x - a potion of heal wounds {unknown}
Books
 b - a book of Frost

   Spells                             Type                      Level
   *Freeze                            Ice                          1
   *Throw Frost                       Conjuration/Ice              2
   Ozocubu's Armour                   Charms/Ice                   3
   Throw Icicle                       Conjuration/Ice              4
   Summon Ice Beast                   Ice/Summoning                4
   Condensation Shield                Ice                          4
Magical staves
 m - an uncursed staff of summoning (weapon)


   Skills:
 - Level 1.7 Dodging
 - Level 1.7 Stealth
 + Level 2.3 Spellcasting
 - Level 1.0 Conjurations
 * Level 4.7 Ice Magic


You had 4 spell levels left.
You knew the following spells:

 Your Spells              Type           Power        Failure   Level  Hunger
a - Freeze                Ice            ###.         2%          1    #......
b - Throw Frost           Conj/Ice       ##....       12%         2    ##.....


Dungeon Overview and Level Annotations

Branches:
Dungeon (3/27)

Altars:

Annotations:
D:2 Sigmund


Message History

Unknown command.
You drop a rotting goblin corpse.
You close the door.
You start waiting.
An ogre opens the door.
It is wielding a giant club.
Drink which item? (? for menu, Esc to quit)
Okay, then.
Read which item? (? for menu, Esc to quit)
Okay, then.
Okay, then.
Okay, then.
Eat which item? (? for menu, Esc to quit)
You are feeling very hungry.
The ogre hits you with a giant club!
Ouch! That really hurt!
* * * LOW HITPOINT WARNING * * *
You continue eating.
The ogre hits you with a giant club!
Ouch! That really hurt!
You die...

#.# #.#
##............ #.#
#.# #............
#.# #.#
#.....####### #.#
#.# #.....# #.#
#.# #.....# #.#
######.....#
#.###...#####'## #
#...#...# #.# #
#.###@%.# #.# #
#.# ##O### #.# #
### #..#.# #.# #
#.##.# #.# #
#%##.# #.#
#.##.####.########
#.......O......(..
####.####.########
#.# #.# #


You could see an ogre.

Vanquished Creatures
  3 adders
  3 giant geckos
  13 bats
  2 giant cockroaches
  16 goblins
  6 hobgoblins
  7 jackals (D:2)
  A ball python (D:1)
  A giant newt (D:2)
  7 kobolds
  3 quokkas
  5 rats
67 creatures vanquished.

Notes
Turn   | Place    | Note
--------------------------------------------------------------
     0 | D:1      | Kae, the Draconian Ice Elementalist, began the quest for the Orb.
     0 | D:1      | Reached XP level 1. HP: 14/14 MP: 3/3
   128 | D:1      | Reached XP level 2. HP: 20/20 MP: 0/4
   704 | D:2      | Reached XP level 3. HP: 16/26 MP: 1/6
   962 | D:2      | Noticed Sigmund
   975 | D:2      | Reached skill level 4 in Ice Magic
  1044 | D:2      | Learned a level 2 spell: Throw Frost
  1344 | D:2      | Reached XP level 4. HP: 17/33 MP: 0/8
  1993 | D:3      | Noticed an ogre
  2389 | D:3      | Mangled by an ogre

Action                   |  1- 3 |  4- 6 || total
-------------------------+-------+-------++-------
Melee: Unarmed           |    23 |       ||    23
       Staff             |    17 |    32 ||    49
 Cast: Freeze            |    64 |    34 ||    98
 Stab: Sleeping          |     2 |       ||     2
